 Dungeon Crawl Stone Soup version 0.24.0-123-gd5b16e6ec5 (webtiles) character file.

Game seed: 1511159516091630173, levelgen mode: deterministic

450 Froggeryz the Cudgeler (level 6, 0/52 HPs)
             Began as a Minotaur Fire Elementalist on Dec 31, 2019.
             Slain by a worker ant (1 damage)
             ... on level 4 of the Dungeon.
             The game lasted 00:05:23 (5075 turns).

Froggeryz the Cudgeler (Minotaur Fire Elementalist) Turns: 5075, Time: 00:05:24

Health: 0/52       AC:  7    Str: 14 (17) XL:     6   Next: 74%
Magic:  7/7        EV:  9    Int:  9 (12) God:
Gold:   138        SH:  0    Dex:  7 (10) Spells: 6/7 levels left

rFire    . . .     SeeInvis .   y - +0 flail
rCold    . . .     Gourm    .   (no shield)
rNeg     . . .     Faith    .   k - +0 scale mail
rPois    .         Spirit   .   (helmet restricted)
rElec    .         Reflect  .   (no cloak)
rCorr    .         Harm     .   (no gloves)
MR       .....                  m - +0 pair of boots
Stlth    ..........             (no amulet)
HPRegen  0.17/turn              l - +2 ring of strength
MPRegen  0.10/turn              (no ring)

@: hasted, invisible, very quick
A: retaliatory headbutt, horns 2
a: no special abilities


You were on level 4 of the Dungeon.
You were not hungry.

You visited 1 branch of the dungeon, and saw 4 of its levels.

You collected 138 gold pieces.

Inventory:

Hand Weapons
 y - a +0 flail (weapon)
Missiles
 t - 3 poisoned darts
 w - 5 javelins (quivered)
Armour
 k - a +0 scale mail (worn)
 m - a +0 pair of boots (worn)
Jewellery
 l - a +2 ring of strength (left hand)
Wands
 p - a wand of enslavement (4)
Scrolls
 e - a scroll of teleportation {unknown}
 f - 3 scrolls of identify {unknown}
 i - 3 scrolls of enchant weapon {unknown}
 j - 2 scrolls of fog {unknown}
 q - 2 scrolls of blinking {unknown}
 r - a scroll of magic mapping {unknown}
Potions
 a - a potion of cancellation {unknown}
 b - 3 potions of might
 d - a potion of mutation {unknown}
 h - a potion of flight {unknown}
 o - a potion of degeneration
 s - a potion of curing {unknown}
 u - a potion of invisibility
 v - a potion of agility {unknown}
Comestibles
 c - 9 rations


   Skills:
 - Level 4.0 Fighting
 * Level 6.3 Maces & Flails
 - Level 3.0 Armour
 - Level 2.1 Dodging
 - Level 1.5 Stealth
 - Level 1.3 Spellcasting
 - Level 0.6 Conjurations
 - Level 2.1 Fire Magic


You had 6 spell levels left.
You knew the following spells:

 Your Spells              Type           Power        Failure   Level  Hunger
a - Flame Tongue          Conj/Fire      #....        63%         1    ##.....

Your spell library contained the following spells:

 Spells                   Type           Power        Failure   Level  Hunger
 Throw Flame              Conj/Fire      #.....       77%         2    ###....
 Conjure Flame            Conj/Fire      #.......     94%         3    ####...
 Inner Flame              Hex/Fire       #.......     95%         3    ####...
 Sticky Flame             Conj/Fire      #.......     100%        4    #####..
 Fireball                 Conj/Fire      #.........   100%        5    ######.


Dungeon Overview and Level Annotations

Branches:
Dungeon (4/15)
 Temple: D:4-7

Altars:
Ashenzari
Gozag
Uskayaw
Yredelemnul
The Shining One

Annotations:
D:3 3 runed translucent doors, Xerdoz's ghost, amateur OpTm


Innate Abilities, Weirdness & Mutations

You reflexively headbutt those who attack you in melee.
You have a pair of horns on your head.


Message History

The worker ant bites you but does no damage.
The orc priest invokes the aid of Beogh against you.
Beogh smites you!
* * * LOW HITPOINT WARNING * * *
The orc priest calls upon Beogh to heal the orc priest.
The orc priest is healed somewhat.
The worker ant bites you.
* * * LOW HITPOINT WARNING * * *
You feel yourself speed up. The worker ant barely misses you.
The worker ant bites you but does no damage.
The orc priest mumbles some strange prayers to Beogh against you.
Beogh smites you!
* * * LOW HITPOINT WARNING * * *
It was a potion of degeneration.
There was something very wrong with that liquid.
You feel weakened.
You feel dopey.
You feel clumsy.
It was a potion of invisibility.
You fade into invisibility!
The worker ant bites you.
You die...

##.# #............# #.#
#####........# #.# #.###o####
#######.## #.# #o# #.....)(.#
#.# #.# #.#####..# #.# #o# ###.#
#..# #.###o#
#...#####..########.#...#
#...<..........@a..o#.###
#...#####..#.....o...o.# ##.<#
#..#.########..## ##♣### #..#
#..#............# #..'_#
##..#####..#..####.###..###.♣###
#..........#..# #.# #......♣ ♣
##.###.##.##..# #)# #.###### #
### #.#...#..####.###.# #
#.#.#..........##.# #


You could see a worker ant, 2 orc priests and an orc.

Vanquished Creatures
  An ogre (D:4)
  A howler monkey (D:3)
  A hound (D:4)
  3 orc wizards
  6 adders
  5 gnolls
  4 oozes
  An adder skeleton (D:4)
  2 worms
  A dart slug (D:1)
  2 leopard geckos
  9 orcs
  4 giant cockroaches
  4 goblins
  4 hobgoblins
  3 jackals (D:1)
  9 kobolds
  2 quokkas
  8 ball pythons
  3 bats (D:2)
  2 frilled lizards
  6 rats
81 creatures vanquished.

Vanquished Creatures (others)
  4 fungi (D:3)
4 creatures vanquished.

Grand Total: 85 creatures vanquished

Notes
Turn   | Place    | Note
-------+----------+-------------------------------------------
     0 | D:1      | Froggeryz the Minotaur Fire Elementalist began the quest
                  | for the Orb.
     0 | D:1      | Reached XP level 1. HP: 14/14 MP: 1/1
    41 | D:1      | Reached skill level 1 in Fighting
   161 | D:1      | Reached XP level 2. HP: 21/24 MP: 3/3
   598 | D:1      | Reached XP level 3. HP: 23/31 MP: 4/4
  1796 | D:2      | Reached skill level 1 in Armour
  2369 | D:2      | Found a basalt altar of Yredelemnul.
  2369 | D:2      | Found a shattered altar of Ashenzari.
  2435 | D:2      | Reached XP level 4. HP: 40/40 MP: 5/5
  2551 | D:3      | Noticed a +0 dagger
  2551 | D:3      | Noticed a +0 hand axe
  2625 | D:3      | Found a hide-covered altar of Uskayaw.
  2770 | D:3      | Reached skill level 1 in Maces & Flails
  2808 | D:3      | Noticed Xerdoz's ghost (amateur OpTm)
  2808 | D:3      | Noticed a big kobold
  2809 | D:3      | Found a runed translucent gate.
  2809 | D:3      | Found a runed translucent gate.
  2810 | D:3      | Found a runed translucent gate.
  3377 | D:3      | Reached skill level 2 in Maces & Flails
  3387 | D:3      | Reached XP level 5. HP: 40/46 MP: 6/6
  3527 | D:3      | Reached skill level 3 in Maces & Flails
  4282 | D:4      | Reached skill level 4 in Maces & Flails
  4337 | D:4      | Found an opulent altar of Gozag.
  4540 | D:4      | Noticed an ogre
  4557 | D:3      | Reached XP level 6. HP: 35/52 MP: 7/7
  4733 | D:4      | Reached skill level 5 in Maces & Flails
  4900 | D:4      | Found a glowing golden altar of the Shining One.
  4928 | D:4      | Reached skill level 6 in Maces & Flails
  5073 | D:4      | HP: 1/52 [orc priest/divine providence (9)]
  5075 | D:4      | Slain by a worker ant

Levels and vault maps discovered:
D:1:      mrwooster_arrival_statue_2, layout_basic,
          hangedman_decor_clover_reticule, serial_bayou_lake_a
D:2:      layout_loops_ring, gammafunk_temple_overflow_elements
D:3:      layout_basic, dancing_weapons_uskayaw, gammafunk_ghost_nasty_kobolds,
          minmay_shallow_snake_nest
D:4:      layout_loops_ring, kennysheep_mini_moat, first_ration,
          nicolae_gozag_seed_capital

Skill      XL: |  1  2  3  4  5  6 |
---------------+-------------------+-----
Fighting       | 2 3 4 |  4.0
Armour         | 1 2 3 |  3.0
Maces & Flails | 2 4 6 |  6.3
Dodging        | |  2.1
Stealth        | |  1.5
Spellcasting   | |  1.3
Conjurations   | |  0.6
Fire Magic     | |  2.1

Action                   |  1- 3 |  4- 6 || total
-------------------------+-------+-------++-------
Melee: Unarmed           |   139 |       ||   139
       Headbutt          |    19 |    17 ||    36
       Mace              |     6 |   127 ||   133
       Flail             |       |    17 ||    17
Throw: Javelin           |       |     2 ||     2
  Use: Potion            |       |     3 ||     3
 Stab: Sleeping          |     1 |       ||     1
  Eat: Chunk             |     4 |     9 ||    13
Armor: Robe              |    16 |       ||    16
       Scale mail        |    12 |    70 ||    82
Dodge: Dodged            |    83 |    90 ||   173
